 Dungeon Crawl Stone Soup version 0.22-a0-196-gee22f2738c (webtiles) character file.

532 Oddba11 the Skirmisher (level 7, -1/55 HPs)
             Began as a Mummy Fighter on Feb 17, 2018.
             Slain by a gnoll
             ... wielding a +0 halberd
              (5 damage)
             ... on level 4 of the Dungeon.
             The game lasted 00:07:08 (3166 turns).

Oddba11 the Skirmisher (Mummy Fighter)              Turns: 3166, Time: 00:07:09

Health: -1/55      AC: 12    Str: 20    XL:     7   Next: 4%
Magic:  7/7        EV:  4    Int:  7    God:
Gold:   140        SH:  9    Dex: 13    Spells: 6/6 levels left

rFire    x . .     SeeInvis .   e - +1 whip (venom)
rCold    + . .     Gourm    .   c - +0 shield
rNeg     + + +     Faith    .   h - +0 plate armour
rPois    ∞         Spirit   .   (no helmet)
rElec    .         Reflect  .   l - +0 cloak
rCorr    .         Harm     .   (no gloves)
MR       .....                  (no boots)
Stlth    ..........             (no amulet)
HPRegen  0.18/turn              (no ring)
MPRegen  0.10/turn              (no ring)

@: no status effects
A: no food or potions, fire vulnerability, cold resistance 1, negative energy
resistance 3, torment resistance, unbreathing
a: no special abilities


You were on level 4 of the Dungeon.
You were not hungry.

You visited 1 branch of the dungeon, and saw 4 of its levels.

You collected 140 gold pieces.

Inventory:

Hand Weapons
 a - a +0 trident
 e - a +1 whip of venom (weapon)
 k - a +4 quarterstaff of chaos
 n - a +0 war axe
 q - a +2 dagger of pain
Armour
 c - a +0 shield (worn)
 h - a +0 plate armour (worn)
 l - a +0 cloak (worn)
Jewellery
 j - an uncursed amulet of magic regeneration {unknown}
Wands
 o - a wand of enslavement (11)
 p - a wand of digging (15)
Scrolls
 b - 2 scrolls of enchant weapon {unknown}
 d - 2 scrolls of fear {unknown}
 f - a scroll of remove curse {unknown}
 g - 2 scrolls of fog {unknown}
 i - a scroll of identify {unknown}
 m - a scroll of magic mapping {unknown}


   Skills:
 + Level 4.4 Fighting
 + Level 3.1 Polearms
 + Level 3.6 Armour
 + Level 2.4 Dodging
 + Level 3.6 Shields


You had 6 spell levels left.
You didn't know any spells.

Dungeon Overview and Level Annotations

Branches:
Dungeon (4/15)
 Temple: D:4-7

Altars:
Sif Muna
Vehumet


Innate Abilities, Weirdness & Mutations

You do not eat or drink.
Your flesh is vulnerable to fire.
You are immune to poison.
Your flesh is cold resistant. (rC+)
You are immune to negative energy. (rN+++)
You are immune to unholy pain and torment.
You can survive without breathing.


Message History

The gnoll is almost dead.
The gnoll hits you but does no damage. The gnoll barely misses you.
You barely miss the gnoll.
The gnoll is almost dead.
The gnoll hits you with a whip. The gnoll hits you but does no damage.
You block the gnoll's attack.
You hit the gnoll.
You kill the gnoll!
The gnoll hits you from afar with a halberd.
The gnoll hits you with a halberd.
* * * LOW HITPOINT WARNING * * *
Items here: )) [ † a whip; a club; a leather armour; a gnoll corpse You closely miss the gnoll.
You are no longer glowing.
The gnoll hits you with a halberd!
* * * LOW HITPOINT WARNING * * *
Your shield and plate armour prevent you from hitting the gnoll.
The gnoll hits you with a halberd.
You die...

###########
#...)gg....
#.######### #. #.#
#.# #.#
#.###.#.#########
#.#<#.#.#...#....
#.#.#.#g@).......
#.#.#.##>........
###.#.#.#....##.###
#.....#.#.......#
###.###.#.)###..#
#..........#..####.
#.####....)).......
#.# #...#.#..####.
#.# #...#.#######.


You could see a gnoll.

Vanquished Creatures
  Grinder (D:3)
  A gnoll shaman (D:4)
  2 orc priests (D:4)
  Crazy Yiuf (D:2)
  An orc wizard (D:4)
  Jessica (D:3)
  Ijyb (D:3)
  3 gnolls (D:4)
  3 adders
  An ooze (D:2)
  An adder skeleton (D:4)
  2 worms (D:3)
  3 dart slugs
  10 orcs
  2 giant cockroaches
  5 goblins
  5 hobgoblins
  2 jackals (D:2)
  7 kobolds
  A ball python (D:1)
  12 bats
  5 frilled lizards
  5 rats
75 creatures vanquished.

Notes
Turn   | Place    | Note
-------+----------+-------------------------------------------
     0 | D:1      | Oddba11 the Mummy Fighter began the quest for the Orb.
     0 | D:1      | Reached XP level 1. HP: 18/18 MP: 1/1
   314 | D:1      | Reached XP level 2. HP: 24/24 MP: 2/2
  1042 | D:2      | Reached XP level 3. HP: 29/29 MP: 3/3
  1162 | D:2      | Reached skill level 1 in Dodging
  1369 | D:2      | Found a radiant altar of Vehumet.
  1581 | D:2      | Found a runed door.
  1585 | D:2      | Noticed Crazy Yiuf
  1606 | D:2      | Killed Crazy Yiuf
  1606 | D:2      | Reached XP level 4. HP: 35/35 MP: 4/4
  1976 | D:3      | Noticed Jessica
  1981 | D:3      | Killed Jessica
  2012 | D:3      | Reached XP level 5. HP: 42/42 MP: 5/5
  2036 | D:3      | Noticed Grinder
  2042 | D:3      | Paralysed by Grinder for 2 turns
  2054 | D:3      | Killed Grinder
  2054 | D:3      | Reached skill level 4 in Fighting
  2054 | D:3      | Reached XP level 6. HP: 41/48 MP: 6/6
  2410 | D:3      | Found a deep blue altar of Sif Muna.
  2523 | D:3      | Noticed Ijyb
  2532 | D:3      | Killed Ijyb
  3153 | D:4      | Reached XP level 7. HP: 36/55 MP: 7/7
  3166 | D:4      | Slain by a gnoll

Vault maps used:
D:1:      eino_arrival_water_cross
D:2:      marbit_many_paths, uniq_crazy_yiuf_cottage
D:3:      old_standard_altar, first_ration, small_statue_intersection,
          uniq_grinder, uniq_jessica, uniq_ijyb
D:4:      lemuel_round_altar, nicolae_ashenzari_panopticon

Skill      XL: |  1  2  3  4  5  6 |
---------------+-------------------+-----
Polearms       | 2 3 |  3.1
Dodging        | 1 2 |  2.4
Armour         | 3 |  3.6
Shields        | 3 |  3.6
Fighting       | 4 |  4.4

Action                   |  1- 3 |  4- 6 |  7- 9 || total
-------------------------+-------+-------+-------++-------
Melee: Trident           |    23 |       |       ||    23
       Whip              |   100 |   129 |    12 ||   241
       War axe           |       |     4 |       ||     4
Armor: Scale mail        |    37 |       |       ||    37
       Plate armour      |    36 |    65 |     4 ||   105
Dodge: Dodged            |    27 |    23 |     6 ||    56
Block: Shield            |    82 |    59 |     6 ||   147

Table legend:
 A = Spawn XP
 B = Non-spawn XP
 C = Spawn XP percentage of total XP
 D = Spawn monster count
 E = Non-spawn monster count
 F = Spawn count percentage of total count
 G = Total turns spent on level
                    A         B        C        D         E        F      G
               +---------+---------+-------+---------+---------+-------+---------
         Total |       0 |     761 |   0.0 |       0 |      75 |   0.0 |  3166
               +---------+---------+-------+---------+---------+-------+---------
           D:1 |       0 |      29 |   0.0 |       0 |      16 |   0.0 |   998
           D:2 |       0 |     100 |   0.0 |       0 |      21 |   0.0 |   723
           D:3 |       0 |     420 |   0.0 |       0 |      29 |   0.0 |  1149
           D:4 |       0 |     212 |   0.0 |       0 |       9 |   0.0 |   296
               +---------+---------+-------+---------+---------+-------+---------
